 Dungeon Crawl Stone Soup version 0.30-a0-778-g2ef04afb54 (webtiles) character file.

Game seed: 18065628841634967153

11315 snackwell the Geomancer (level 11, -2/95 HPs)
             Began as a Pale Draconian Earth Elementalist on Feb 16, 2023.
             Was an Initiate of Gozag.
             Killed from afar by a tengu conjurer (32 damage)
             ... with a bolt of lightning
             ... in a Gauntlet.
             The game lasted 01:01:17 (13582 turns).

snackwell the Geomancer (DrEE)                     Turns: 13582, Time: 01:01:18

Health: -2/95      AC:  8    Str: 11    XL:     11   Next: 47%
Magic:  4/16       EV: 14    Int: 19    God:    Gozag
Gold:   1549       SH:  0    Dex: 12    Spells: 11/17 levels left

rFire   + . .      SeeInvis +    H - staff of conjuration
rCold   . . .      Faith    .    (no shield)
rNeg    . . .      Spirit   .    (body armour unavailable)
rPois   .          Reflect  .    (helmet restricted)
rElec   .          Harm     .    G - +0 cloak
rCorr   .          Rampage  .    (no gloves)
Will    .....      NoTele   +    (no boots)
Stlth   ++                       (no amulet)
HPRegen 0.35/turn                u - ring of see invisible
MPRegen 0.15/turn                r - ring of protection from fire

@: mighty, brilliant, invisible
A: breathe steam, AC +7, unfitting armour, cold-blooded, steam resistance
a: Breathe Steam, Renounce Religion, Potion Petition, Call Merchant, Bribe
Branch


You were in a Gauntlet.
You worshipped Gozag.
Gozag was most pleased with you.
You visited 1 branch of the dungeon, and saw 11 of its levels.
You also visited: Bailey and Gauntlet.

You collected 2336 gold pieces.
You paid 787 gold pieces to Gozag.

Inventory:

Missiles
 i - 5 curare-tipped darts
 n - 44 poisoned darts
 q - 27 boomerangs
 y - 8 datura-tipped darts
 C - 7 atropa-tipped darts
Armour
 w - a +0 kite shield
   (You took it off a gnoll sergeant on level 5 of the Dungeon)
 G - a +0 cloak (worn)
   (You found it on level 9 of the Dungeon)
Magical Staves
 s - a staff of poison
   (You found it on level 7 of the Dungeon)
 t - a staff of cold
   (You found it on level 5 of the Dungeon)
 H - a staff of conjuration (weapon)
   (You acquired it on level 10 of the Dungeon)
Jewellery
 r - a ring of protection from fire (right hand)
   (You found it on level 6 of the Dungeon)
 u - a ring of see invisible (left hand)
   (You found it on level 5 of the Dungeon)
Wands
 b - a wand of flame (15)
   (You took it off Ijyb on level 4 of the Dungeon)
 k - a wand of light (6)
   (You found it on level 11 of the Dungeon)
 A - a wand of iceblast (1)
   (You took it off Maurice on level 9 of the Dungeon)
 I - a wand of digging (5)
   (You took it off Joseph on level 9 of the Dungeon)
Scrolls
 g - a scroll of blinking
 h - 8 scrolls of teleportation
 l - a scroll of fear
 m - 2 scrolls of silence
 p - 5 scrolls of immolation
 x - 3 scrolls of fog
Potions
 a - 3 potions of magic
 c - 4 potions of curing
 d - 2 potions of cancellation
 e - a potion of flight
 f - 2 potions of brilliance
 j - 2 potions of attraction
 o - 3 potions of haste
 v - a potion of invisibility
 z - 2 potions of resistance


   Skills:
 + Level 8.4 Fighting
 + Level 4.0 Staves
 - Level 6.5 Dodging
 - Level 1.7 Stealth
 - Level 3.8 Spellcasting
 - Level 9.3 Conjurations
 - Level 1.0 Transmutations
 - Level 10.2 Earth Magic
 + Level 4.4 Evocations


You had 11 spell levels left.
You knew the following spells:

 Your Spells              Type           Power      Damage    Failure   Level
a - Sandblast             Erth           100%       2d20      1%          1
b - Passwall              Tmut/Erth      30%        N/A       2%          2
d - Stone Arrow           Conj/Erth      100%       3d13      1%          3

Your spell library contained the following spells:

 Spells                   Type           Power      Damage    Failure   Level
 Apportation              Tloc           10%        N/A       14%         1
 Necrotise                Necr           20%        1d5       14%         1
 Summon Small Mammal      Summ           20%        N/A       14%         1
 Petrify                  Tmut/Erth      37%        N/A       14%         4
 Lesser Beckoning         Tloc           10%        N/A       22%         2
 Gell's Gravitas          Tloc           5%         N/A       38%         3
 Teleport Other           Tloc           5%         N/A       38%         3


Dungeon Overview and Level Annotations

Branches:
Dungeon (11/15) Zot: 26858  Temple (0/1) D:4             Orc (0/2) D:11
 Bailey (visited)         Gauntlet (1/1) Zot: 5607
   Lair: D:8-11

Altars:
Dithmenos
Gozag

Annotations:
D:2 1 runed translucent door, Crazy Yiuf
D:3 3 runed translucent doors, baal32's ghost, amateur DsRe
D:4 2 runed translucent doors, GiantSquids's ghost, amateur BaHu Gauntlet 11 transporters


Innate Abilities, Weirdness & Mutations

You can breathe blasts of scalding, opaque steam.
Your pale cyan-grey scales are hard. (AC +7)
You cannot fit into any form of body armour.
You are cold-blooded and may be slowed by cold attacks.
You are immune to the effects of steam.


Message History

The tengu conjurer hits you but does no damage.
The tengu conjurer closely misses you.
The tengu conjurer claws you but does no damage.
Casting: Stone Arrow (safe; 1% risk of failure)
Confirm with . or Enter, or press ? or * to list all spells.
Aiming: Sandblast (safe; 1% risk of failure)
Press: ? - help, Shift-Dir - straight line, f - tengu conjurer
Aim: a tengu conjurer, wearing a +0 buckler (almost dead, 72% to hit)
You feel a surge of power!
The blast of sand hits the tengu conjurer!!
You kill the tengu conjurer!
The battlesphere dissipates.
The tengu conjurer mumbles some strange words.
The tengu conjurer blinks!
Your Staves skill increases to level 4!
Unknown command.
Unknown command.
Unknown command.
Unknown command.
Casting: Sandblast (safe; 1% risk of failure)
Confirm with . or Enter, or press ? or * to list all spells.
Aiming: Sandblast (safe; 1% risk of failure)
Press: ? - help, Shift-Dir - straight line, f - battlesphere
Aim: a battlesphere (not watching you, 95% to hit)
You feel a surge of power!
The blast of sand hits the battlesphere!!
You destroy the battlesphere!
You start resting.
A tengu conjurer is nearby!
Casting: Sandblast (safe; 1% risk of failure)
Confirm with . or Enter, or press ? or * to list all spells.
Aiming: Stone Arrow (safe; 1% risk of failure)
Press: ? - help, Shift-Dir - straight line, f - tengu conjurer
Aim: a tengu conjurer (58% to hit)
You feel a strong surge of power!
The stone arrow misses the tengu conjurer.
Casting: Stone Arrow (safe; 1% risk of failure)
Confirm with . or Enter, or press ? or * to list all spells.
Aiming: Stone Arrow (safe; 1% risk of failure)
Press: ? - help, Shift-Dir - straight line, f/p - tengu conjurer
Aim: a tengu conjurer (58% to hit)
You feel a strong surge of power!
The stone arrow hits the tengu conjurer!!
The tengu conjurer is severely wounded.
The tengu conjurer points at you and mumbles some strange words.
The bolt of lightning hits you!
* * * LOW HITPOINT WARNING * * *
The bolt of lightning hits you!!
You die...
Your body crumbles into a pile of gold.

#8# #8# #8# #8# #8# #8# #8# #8# #
#################################
.......................≈∩≈.......
.................©.............©.
#########...###########...#######
........#.8.#.........#...#u.....
..###...#...#.........#.∩.#G#.#.#
...#....#####.#######.#...#..#.#.
#..#©.#.#...##$#@#.#.##...#.#.#.#
.######.#©.©#Q.$.©....#...#..#.©.
#..#..#.#...#.#°#.#.#.#...#.#.#.#
...#....#####.#######.#...#..#.#.
..###...#...#.........#...#.#.#.#
5.......#.8.#....©!...#...#...:©=
#########...###########...#######
.#.©.#....≈.............§....#.©.
.#...#...≈8≈...........≈8≈...#...


You could see a tengu conjurer.

Vanquished Creatures
  Josephine (D:11)
  A two-headed ogre (D:11)
  A tengu warrior (Gauntlet)
  Amaemon (D:10)
  Maurice (D:9)
  A gargoyle (D:10)
  Joseph (D:9)
  An orange demon (D:10)
  An unseen horror (D:10)
  A tengu conjurer (Gauntlet)
  A troll (D:10)
  A wyvern (D:9)
  13 yaks
  A wraith (D:11)
  A steam dragon (D:9)
  Menkaure (D:7)
  An acid dragon (D:8)
  3 water moccasins
  6 orc warriors
  2 ice beasts
  4 sky beasts
  2 black bears
  3 ogres
  2 centaurs (D:9)
  9 kobold brigands
  A lemure (D:4)
  A phantom (D:6)
  Blork the orc (D:4)
  A gnoll sergeant (D:5)
  2 scorpions
  3 wights
  8 killer bees
  2 howler monkeys
  A jelly (D:6)
  5 hounds
  3 orc priests
  2 gnoll boudas
  Ijyb (D:4)
  5 iguanas
  7 orc wizards
  14 gnolls
  8 adders
  3 shadow imps
  A white imp (D:6)
  An ufetubus (D:5)
  A worm (D:2)
  3 dart slugs
  43 orcs
  9 ball pythons
  8 endoplasms
  5 goblins
  6 hobgoblins
  A jackal (D:5)
  4 quokkas
  3 bats
  3 frilled lizards
  31 kobolds
  3 rats
250 creatures vanquished.

Vanquished Creatures (others)
  5 demonic plants (D:5)
  3 fungi (Gauntlet)
  18 plants (Gauntlet)
26 creatures vanquished.

Grand Total: 276 creatures vanquished

Notes
Turn   | Place    | Note
-------+----------+-------------------------------------------
     0 | D:1      | snackwell the Draconian Earth Elementalist began the quest
                  | for the Orb.
     0 | D:1      | Reached XP level 1. HP: 14/14 MP: 3/3
   297 | D:1      | Reached XP level 2. HP: 17/22 MP: 0/5
   546 | D:1      | You fall into a shaft and drop 1 floor!
   638 | D:2      | Found a faded altar of an unknown god.
   702 | D:2      | Found an opulent altar of Gozag.
   736 | D:2      | Became a worshipper of Gozag Ym Sagoz the Greedy
   842 | D:2      | Reached skill level 1 in Fighting
  1115 | D:2      | Reached XP level 3. HP: 26/28 MP: 3/6
  1197 | D:2      | Learned a level 3 spell: Stone Arrow
  1489 | D:2      | Found a runed translucent door.
  1490 | D:2      | Noticed Crazy Yiuf
  1970 | D:3      | Reached XP level 4. HP: 36/36 MP: 5/7
  2030 | D:3      | Reached skill level 4 in Earth Magic
  2062 | D:3      | Reached skill level 1 in Conjurations
  2572 | D:3      | Found a runed translucent gate.
  2586 | D:3      | Found a runed translucent gate.
  2586 | D:3      | Found a runed translucent gate.
  2587 | D:3      | Noticed baal32's ghost (amateur DsRe)
  2848 | D:3      | Reached XP level 5. HP: 40/41 MP: 4/9
  3490 | D:4      | Noticed a lemure
  3490 | D:4      | Noticed a lemure
  3535 | D:4      | Killed a lemure
  3657 | D:4      | Noticed Blork the orc
  3683 | D:4      | Killed Blork the orc
  3684 | D:4      | Reached XP level 6. HP: 45/51 MP: 1/11
  4054 | D:4      | Noticed Ijyb
  4067 | D:4      | Killed Ijyb
  4293 | D:4      | Noticed an orc warrior
  4308 | D:4      | Killed an orc warrior
  4615 | D:4      | Found a staircase to the Ecumenical Temple.
  4657 | D:4      | Reached skill level 5 in Earth Magic
  4960 | D:4      | Found a runed translucent door.
  5018 | D:4      | Found a runed translucent door.
  5021 | D:4      | Noticed GiantSquids's ghost (amateur BaHu)
  5072 | D:4      | Your scales start taking on a pale cyan-grey colour.
  5072 | D:4      | Reached XP level 7. HP: 58/58 MP: 1/12
  5072 | D:4      | Gained mutation: You are immune to the effects of steam.
                  | [Pale Draconian growth]
  5279 | D:5      | Entered Level 5 of the Dungeon
  6211 | D:5      | Reached skill level 5 in Fighting
  6213 | D:5      | Reached skill level 6 in Earth Magic
  6213 | D:5      | Reached XP level 8. HP: 65/68 MP: 6/13
  6472 | D:5      | Reached skill level 5 in Conjurations
  7286 | D:6      | Reached skill level 7 in Earth Magic
  7524 | D:6      | Reached XP level 9. HP: 78/78 MP: 10/14
  7527 | D:6      | Learned a level 2 spell: Passwall
  8335 | D:7      | Found a shadowy altar of Dithmenos.
  8464 | D:7      | Noticed Menkaure
  8474 | D:7      | Killed Menkaure
  8595 | D:7      | Reached skill level 8 in Earth Magic
  9298 | D:8      | Found a flagged portal.
  9329 | D:8      | Reached XP level 10. HP: 60/86 MP: 15/15
  9338 | D:8      | Reached skill level 9 in Earth Magic
  9428 | Bailey   | Entered a bailey
  9466 | Bailey   | Reached skill level 5 in Dodging
  9832 | Bailey   | Found a burning altar of Makhleb.
 10735 | D:9      | Noticed Joseph
 10827 | D:9      | Identified the +5 quarterstaff of Merevuf {heavy, Drain
                  | Str+6}
 10838 | D:9      | Noticed Maurice
 11092 | D:9      | Reached skill level 10 in Earth Magic
 11544 | D:9      | Killed Maurice
 11616 | D:9      | Killed Joseph
 11720 | D:10     | Entered Level 10 of the Dungeon
 11733 | D:10     | Identified a scroll of acquirement
 11733 | D:10     | Acquired a staff of conjuration
 12408 | D:10     | Noticed an orange demon
 12411 | D:10     | Noticed Amaemon
 12412 | D:10     | Reached skill level 1 in Staves
 12412 | D:10     | Reached skill level 1 in Evocations
 12412 | D:10     | Reached XP level 11. HP: 92/92 MP: 3/16
 12481 | D:10     | Killed Amaemon
 13090 | D:11     | Noticed a two-headed ogre
 13095 | D:11     | Killed a two-headed ogre
 13183 | D:11     | Found a gate leading to a gauntlet.
 13183 | D:11     | Noticed Josephine
 13187 | D:11     | Killed Josephine
 13189 | D:11     | Noticed a two-headed ogre
 13189 | D:11     | Found a staircase to the Orcish Mines.
 13192 | Gauntlet | Entered a Gauntlet
 13192 | Gauntlet | Noticed a tengu warrior
 13192 | Gauntlet | Noticed a great orb of eyes
 13192 | Gauntlet | Found a transporter.
 13192 | Gauntlet | Found a transporter.
 13205 | Gauntlet | Noticed a white ugly thing
 13284 | Gauntlet | Found a transporter.
 13300 | Gauntlet | Noticed a wizard
 13301 | Gauntlet | Found a transporter.
 13316 | Gauntlet | Found a transporter.
 13326 | Gauntlet | Found a transporter.
 13341 | Gauntlet | Found a transporter.
 13350 | Gauntlet | Found a transporter.
 13365 | Gauntlet | Noticed a cacodemon
 13373 | Gauntlet | Found a transporter.
 13409 | Gauntlet | Found a transporter.
 13409 | Gauntlet | Found a transporter.
 13420 | Gauntlet | Found a transporter.
 13571 | Gauntlet | Killed a tengu warrior
 13582 | Gauntlet | Killed from afar by a tengu conjurer

Illustrated notes

Levels and vault maps discovered:
D:1:      amcnicky_arrival_blooded_trapdoor, layout_basic, st_stairs_4
D:2:      layout_basic, ebering_ecumenical_altar_mist, basic_altar,
          uniq_crazy_yiuf_cottage
D:3:      layout_loops_corners, gammafunk_ghost_split
D:4:      layout_layer_cave, minmay_temple_entry_fiery, ebering_ghost_sewer_f,
          minivault_23, amcnicky_mini_pool_small, minivault_27,
          guppyfry_early_orc_mine, uniq_pikel, uniq_ijyb, uniq_blork_the_orc
D:5:      minmay_recursive_quarters, layout_loops_corners, serial_demonic,
          serial_demonic_g, serial_demonic_g, serial_demonic_d,
          serial_demonic_e, minivault_1
D:6:      layout_basic, minivault_1
D:7:      layout_basic, grunt_dithmenos_smoke, uniq_menkaure
D:8:      layout_loops_ring, enter_bailey_5, kennysheep_generic_room_8
D:9:      layout_roguey, uniq_maurice, uniq_joseph
D:10:     layout_gridville, uniq_amaemon
D:11:     layout_loops_corners, minmay_lair_entry_grove, david_orc_3,
          gauntlet_entry_generic, uniq_josephine, uniq_harold, uniq_grum
Gauntlet: gammafunk_gauntlet_shortcut [gammafunk_gauntlet_arena_grid,
          gammafunk_gauntlet_arena_corners, gammafunk_gauntlet_arena_teeth,
          nicolae_gauntlet_arena_t_cross, gammafunk_gauntlet_arena_spirals,
          gammafunk_gauntlet_arena_hedges, dreamdust_gauntlet_exit_labyrinth]

Skill      XL: |  1  2  3  4  5  6  7  8  9 10 11 |
---------------+----------------------------------+-----
Fighting       | 1 2 3 5 6 7 8 |  8.4
Earth Magic    | 4 5 6 7 8 10 | 10.2
Conjurations   | 1 2 3 4 6 7 9 |  9.3
Spellcasting   | 3 |  3.8
Dodging        | 4 6 |  6.5
Staves         | 1 4 |  4.0
Evocations     | 1 4 |  4.4
Stealth        | |  1.7
Transmutations | |  1.0

Action                     |  1- 3 |  4- 6 |  7- 9 | 10-12 || total
---------------------------+-------+-------+-------+-------++-------
  Melee: Tailslap          |     1 |     4 |    10 |     5 ||    20
         Unarmed           |     1 |       |       |       ||     1
         Dagger            |    18 |    31 |    51 |    80 ||   180
         Staff             |       |       |       |     7 ||     7
         Punch             |       |       |       |     1 ||     1
  Throw: Dart              |       |     5 |     1 |     7 ||    13
         Boomerang         |       |       |       |     1 ||     1
   Cast: Sandblast         |    38 |    61 |    46 |    46 ||   191
         Stone Arrow       |       |    16 |    44 |    54 ||   114
 Invoke: Potion Petition   |       |       |       |     2 ||     2
Ability: Breathe Steam     |       |       |    24 |    17 ||    41
  Evoke: Wand              |       |       |     1 |     7 ||     8
    Use: Scroll            |       |    12 |    10 |     2 ||    24
         Potion            |       |       |       |     1 ||     1
   Stab: Sleeping          |     1 |     2 |       |       ||     3
         Distracted        |       |       |     1 |     1 ||     2
         Paralysed         |       |       |       |     7 ||     7
 Armour: Skin              |    12 |    15 |    14 |    61 ||   102
  Dodge: Dodged            |    12 |    25 |    59 |   118 ||   214

Table legend: (Time is in decaauts)
 A = Elapsed time spent in this place.
 B = Non-inter-level travel time spent in this place.
 C = Inter-level travel time spent in this place.
 D = Time resting spent in this place.
 E = Time spent auto-exploring this place.
 F = Levels seen in this place.
 G = Mean time per level.
                   A        B        C        D        E       F      G
               +--------+--------+--------+--------+--------+-----+--------+
         Total |  13699 |  13254 |    445 |   1151 |   9056 |  13 | 1053.8 |
       Dungeon |  12840 |  12395 |    445 |    961 |   8912 |  11 | 1167.3 |
        Bailey |    467 |    467 |      0 |    105 |    144 |   1 |  467.0 |
      Gauntlet |    391 |    391 |      0 |     85 |      0 |   1 |  391.0 |
               +--------+--------+--------+--------+--------+-----+--------+

Top non-repeatable levels by time:
     D:4: 2099 daAuts
     D:5: 1726 daAuts
     D:2: 1341 daAuts
    D:10: 1312 daAuts
     D:3: 1254 daAuts
     D:7: 1190 daAuts
     D:8: 1095 daAuts
     D:9: 1036 daAuts
     D:6: 892 daAuts
     D:1: 749 daAuts
  Bailey: 467 daAuts
Gauntlet: 391 daAuts
    D:11: 141 daAuts
